 Dungeon Crawl Stone Soup version 0.18-a0-943-g2c08dd4 (webtiles) character file.

123 Yawgmoth the Digger (level 5, -1/31 HPs)
             Began as a Gargoyle Earth Elementalist on Dec 28, 2015.
             Slain by a killer bee (3 damage)
             ... on level 3 of the Dungeon.
             The game lasted 00:11:29 (2310 turns).

Yawgmoth the Digger (Gargoyle Earth Elementalist)   Turns: 2310, Time: 00:11:29

Health: -1/31      AC:  7    Str: 11    XL:     5   Next: 7%
Magic:  0/9        EV: 12    Int: 17    God:
Gold:   179        SH:  0    Dex: 10    Spells: 1 memorised, 8 levels left

rFire  . . .     SeeInvis .     b - 59 stones
rCold  . . .     Gourm    .     a - +0 robe
rNeg   + . .     Faith    .     (no shield)
rPois  ∞         Spirit   .     (no helmet)
rElec  +         Dismiss  .     (no cloak)
rCorr  .         Reflect  .     j - +0 pair of gloves
SustAt .         Harm     .     (no boots)
MR     .....                    (no amulet)
Stlth  ++........               (no ring)
                                (no ring)

@: not resistant to hostile enchantments, unstealthy
A: negative energy resistance 1, electricity resistance, unbreathing,
petrification resistance, rot immunity, AC +4
a: no special abilities


You were on level 3 of the Dungeon.
You were not hungry.

You visited 1 branch of the dungeon, and saw 3 of its levels.

You collected 179 gold pieces.

Inventory:

Hand Weapons
 e - a +0 mace
 f - a +0 hunting sling
 k - a +0 short sword
 z - a +0 spear
Missiles
 b - 59 stones (in hand)
 h - 21 bolts of penetration
 l - 6 tomahawks
 u - 30 arrows
Armour
 a - a +0 robe (worn)
 j - a +0 pair of gloves (worn)
 v - a +0 large shield
Wands
 w - a wand of digging (15/24)
Scrolls
 o - a scroll of magic mapping {unknown}
 q - 4 scrolls of remove curse {unknown}
 s - 3 scrolls of identify {unknown}
 y - a scroll of enchant armour {unknown}
 D - a scroll of blinking {unknown}
 F - a scroll of teleportation {unknown}
 J - a scroll of random uselessness {unknown}
Potions
 g - 2 potions of curing {unknown}
 m - a potion of heal wounds {unknown}
 p - a potion of degeneration {unknown}
 r - 3 potions of lignification {unknown}
 t - a potion of flight {unknown}
 A - 2 potions of ambrosia {unknown}
 B - a potion of brilliance {unknown}
 C - a potion of mutation {unknown}
 E - a potion of cure mutation {unknown}
 G - a potion of haste {unknown}
 I - a potion of cancellation {unknown}
Books
 c - a book of Geomancy

   Spells                             Type                      Level
   a - Sandblast                      Earth                        1
   b - Stoneskin                      Transmutation/Earth          2
   c - Passwall                       Transmutation/Earth          3
   d - Stone Arrow                    Conjuration/Earth            3
   e - Petrify                        Transmutation/Earth          4
   f - Lee's Rapid Deconstruction     Earth                        5
Comestibles
 d - 3 bread rations
 i - a beef jerky
 H - a meat ration


   Skills:
 + Level 2.5 Fighting
 - Level 1.6 Dodging
 - Level 2.1 Stealth
 + Level 2.9 Spellcasting
   Level 0.7 Transmutations
 + Level 5.1 Earth Magic


You had 8 spell levels left.
You knew the following spells:

 Your Spells              Type           Power        Failure   Level  Hunger
a - Sandblast             Erth           ###...       2%          1    None


Dungeon Overview and Level Annotations

Branches:
Dungeon (3/15)

Altars:
Ashenzari
Dithmenos
Gozag
Nemelex Xobeh


Innate Abilities, Weirdness & Mutations

You are resistant to torment.
Your stone body is resilient (AC +4).
You are immune to poison.
You resist negative energy.
You are resistant to electric shocks.
You can survive without breathing.
You are immune to petrification.
You are immune to rotting.


Message History

The killer bee barely misses you. The bat closely misses you.
The killer bee misses you. The killer bee stings you. The bat misses you.
The killer bee closely misses you. The killer bee stings you.
The killer bee barely misses you. The bat closely misses you.
The killer bee stings you.
* * * LOW HITPOINT WARNING * * *
The killer bee stings you but does no damage.
Wield which item (- for none, * to show all)? (? for menu, Esc to quit)
Okay, then.
The killer bee stings you but does no damage.
The bat misses you. The killer bee closely misses you.
The killer bee barely misses you. The killer bee stings you.
* * * LOW HITPOINT WARNING * * *
The killer bee stings you.
* * * LOW HITPOINT WARNING * * *
The killer bee stings you.
* * * LOW HITPOINT WARNING * * *
The bat closely misses you. The killer bee stings you.
You die...

# #.# ### .# #.# #
#.. .. #..
#.##(##.# ###
#....†..# # #.# #
##.## ### #
#.y.#####.## #
#@y........#######
#.b.#####.........
##### ##########


You could see 2 killer bees and a bat (inner flame).

Vanquished Creatures
  Ijyb (D:2)
  Robin (D:2)
  2 adders
  An ooze (D:1)
  4 giant geckos
  2 ball pythons
  A giant cockroach (D:3)
  9 hobgoblins
  7 jackals
  A quokka (D:2)
  4 bats
  5 giant newts
  8 goblins
  5 kobolds
  9 rats
60 creatures vanquished.

Notes
Turn   | Place    | Note
--------------------------------------------------------------
     0 | D:1      | Yawgmoth the Gargoyle Earth Elementalist began the quest for the Orb.
     0 | D:1      | Reached XP level 1. HP: 10/10 MP: 3/3
   110 | D:1      | Reached skill level 4 in Earth Magic
   185 | D:1      | Reached XP level 2. HP: 15/15 MP: 1/5
   460 | D:1      | Reached skill level 1 in Fighting
   987 | D:2      | Reached XP level 3. HP: 20/20 MP: 4/6
  1107 | D:2      | Noticed Ijyb
  1115 | D:2      | Killed Ijyb
  1260 | D:2      | Noticed Robin
  1263 | D:2      | Reached XP level 4. HP: 26/26 MP: 3/7
  1280 | D:2      | Killed Robin
  1489 | D:2      | Reached skill level 5 in Earth Magic
  1839 | D:2      | Found a shadowy altar of Dithmenos.
  1841 | D:2      | Found an opulent altar of Gozag.
  1849 | D:2      | Found a shattered altar of Ashenzari.
  1850 | D:2      | Found a sparkling altar of Nemelex Xobeh.
  2207 | D:3      | Reached XP level 5. HP: 29/31 MP: 5/9
  2310 | D:3      | Slain by a killer bee

Vault maps used:
D:1:      minmay_arrival_shattered_statue, minmay_misc_feat_enclosed
D:2:      minitemple, minmay_surrounded, uniq_robin, uniq_iyjb

Action                   |  1- 3 |  4- 6 || total
-------------------------+-------+-------++-------
Melee: Mace              |    17 |    21 ||    38
 Cast: Sandblast         |    41 |    41 ||    82
  Use: Scroll            |       |     1 ||     1
 Stab: Sleeping          |     1 |       ||     1
  Eat: Chunk             |     2 |     3 ||     5
